 Dungeon Crawl Stone Soup version 0.27.1-34-g3ba077fa99 (webtiles) character file.

Game seed: 4613708776054231021

24 lonewolfV2 the Shield-Bearer (level 2, -10/29 HPs)
             Began as a Troll Fighter on Jan 5, 2022.
             Mangled by a gnoll (13 damage)
             ... on level 2 of the Dungeon.
             The game lasted 00:01:31 (793 turns).

lonewolfV2 the Shield-Bearer (Troll Fighter)         Turns: 793, Time: 00:01:31

Health: -10/29     AC:  4    Str: 23    XL:     2   Next: 79%
Magic:  1/1        EV:  8    Int:  4    God:
Gold:   45         SH:  9    Dex:  9    Spells: 1/1 levels left

rFire    x . .     SeeInvis .     - Unarmed
rCold    + . .     Faith    .   b - +1 kite shield
rNeg     . . .     Spirit   .   a - +0 robe
rPois    .         Reflect  .   (helmet restricted)
rElec    .         Harm     .   (no cloak)
rCorr    .         Rampage  .   (gloves unavailable)
Will     .....                  (boots unavailable)
Stlth    +.........             (no amulet)
HPRegen  1.09/turn              f - ring of ice
MPRegen  0.07/turn              (no ring)

@: mighty
A: large, unfitting armour, claws 3, regeneration 1, shaggy fur 1, tough skin 1
a: no special abilities


You were on level 2 of the Dungeon.
You visited 1 branch of the dungeon, and saw 2 of its levels.

You collected 45 gold pieces.

Inventory:

Armour
 a - a +0 robe (worn)
 b - a +1 kite shield (worn)
Jewellery
 f - a ring of ice (left claw)
Potions
 d - a potion of mutation
 i - a potion of lignification


   Skills:
 + Level 2.5 Fighting
 + Level 2.6 Dodging
 + Level 2.8 Shields
 + Level 2.3 Unarmed Combat


You had one spell level left.
You didn't know any spells.
Your spell library was empty.

Dungeon Overview and Level Annotations

Branches:
Dungeon (2/15)

Altars:


Innate Abilities, Weirdness & Mutations

You are too large for most types of armour.
You have claws for hands.
Your natural rate of healing is unusually fast.
You are covered in fur. (AC +1)
You have tough skin. (AC +1)


Message History

You claw the endoplasm!
You kill the endoplasm!
The goblin hits you but does no damage.
The kobold hits you with a +0 short sword.
The goblin hits you but does no damage. The kobold hits you but does no damage.
Your surroundings suddenly seem different.
Found a scroll labelled GAITOO GIUPLO.
A ball python comes into view.
Found 2 gold pieces.
The ball python hisses angrily.
You hear a shout! x2
Found a stone staircase leading down.
A gnoll comes into view. It is wielding a +0 halberd.
A gnoll comes into view. It is wielding a +0 flail.
Found 30 arrows.
The gnoll shouts!
You claw the ball python!
You kill the ball python!
A gnoll comes into view. It is wielding a +0 halberd.
The gnoll hits you from afar with a +0 halberd.
A gnoll comes into view. It is wielding a +0 club.
The gnoll hits you from afar with a +0 halberd!
You claw the gnoll!
The gnoll is heavily wounded.
You block the gnoll's attack. x2
The gnoll hits you from afar with a +0 halberd!
* * * LOW HITPOINT WARNING * * *
The gnoll hits you with a +0 flail.
* * * LOW HITPOINT WARNING * * *
You feel very mighty all of a sudden. You block the gnoll's attack.
The gnoll throws a throwing net.
The throwing net barely misses you.
The gnoll hits you from afar with a +0 halberd.
* * * LOW HITPOINT WARNING * * *
The gnoll barely misses you.
You claw the gnoll!
You kill the gnoll!
You block the gnoll's attack. The gnoll closely misses you.
The gnoll hits you from afar with a +0 halberd!
You die...

#+## $..... ...#
#.........# ...#
#.........#### ...#
######............#
...###................
.................>.(.
...................#
#.............g.)g.#
##............gg@..#
#.................#
#.................#
#.................#
##..............(..#
...........#########
..########## ..#####
.......


You could see 3 gnolls and a goblin.

Vanquished Creatures
  A gnoll (D:2)
  4 endoplasms
  A giant cockroach (D:1)
  A goblin (D:1)
  A hobgoblin (D:1)
  2 jackals (D:1)
  3 ball pythons
  A bat (D:1)
  3 frilled lizards (D:1)
  5 kobolds (D:1)
  A rat (D:1)
23 creatures vanquished.

Notes
Turn   | Place    | Note
-------+----------+-------------------------------------------
     0 | D:1      | lonewolfV2 the Troll Fighter began the quest for the Orb.
     0 | D:1      | Reached XP level 1. HP: 22/22 MP: 0/0
   182 | D:1      | Reached XP level 2. HP: 29/29 MP: 1/1
   791 | D:2      | HP: 1/29 [gnoll (2)]
   793 | D:2      | Mangled by a gnoll

Illustrated notes

Levels and vault maps discovered:
D:1:      matt_arrival_grand_opening, layout_basic
D:2:      layout_basic

Action                   || total
-------------------------++-------
Melee: Unarmed           ||    48
  Use: Scroll            ||     5
       Potion            ||     1
Armor: Robe              ||    19
Dodge: Dodged            ||    18
Block: Kite shield       ||    25
